AoeStats
← Dieu Tan

Arabia

510329680Analyzed
1v1 RM · 1d ago on Sep 30, 2026· 21m 21s· 2 players
Game mode
Random Map
Map size
Tiny (2 player)
Population
200
Speed
Normal
Resources
Standard
Victory
Conquest
Starting age
Dark Age
Ending age
Imperial Age
RankedLock teamsTeams togetherTeam positionsShared explorationLock speedFull tech treeHidden civsTurbo modeCheats
Victory
Defeat
🇪🇸 Danes · Spain
1562
+17
🇺🇸 Franks · United States
1577
-17
Xipitus
3:22 Loom
9:14 Feudal Age
14:33 Castle Age
Dieu Tan
6:08 Loom
8:49 Feudal Age
10:09 Double-Bit Axe
16:30 Wheelbarrow
19:50 Castle Age
19:43 Fletching
19:54 Padded Archer Armor
Connection lost

Rejoining the realm…

Still unreachable

The connection could not be restored.

Session expired

The server has moved on; the page needs a fresh start.